 Dungeon Crawl Stone Soup version bcrawl-1.20 (webtiles) character file.

Game seed: 15087081833131691363

419 MisterOstroum the Ruffian (level 6, 0/55 HPs)
             Began as a Gargoyle Transmuter on Jan 15, 2020.
             Was an Initiate of Cheibriados.
             Slain by a quasit (1 damage)
             ... summoned by Xom
             ... on level 4 of the Dungeon on Jan 16, 2020.
             The game lasted 00:18:15 (5002 turns).

MisterOstroum the Ruffian (Gargoyle Transmuter)     Turns: 5002, Time: 00:18:16

Health: 0/55       AC: 15    Str: 15      XL:     6   Next: 93%
Magic:  9/9        EV:  2    Int: 16      God:    Cheibriados [......]
Gold:   222        SH:  0    Dex:  7 (11) Spells: 4/9 levels left

rFire    . . .     SeeInvis .     - Unarmed
rCold    . . .     Gourm    .   (no shield)
rNeg     + + +     Faith    .   (armour currently unavailable)
rPois    ∞         Spirit   .   (helmet currently unavailable)
rElec    .         Reflect  .   (cloak currently unavailable)
rCorr    .         Harm     .   (gloves currently unavailable)
MR       +....     NoTele   +   (boots currently unavailable)
Stlth    ++........             (no amulet)
HPRegen  0.18/turn              (no ring)
MPRegen  0.11/turn              (no ring)

@: tree-form, corroded, very slow
A: magic resistance 1, negative energy resistance 1, petrification resistance,
rot immunity, AC +4
a: Bend Time, Renounce Religion


You were on level 4 of the Dungeon.
You worshipped Cheibriados.
Cheibriados was noncommittal.
You were hungry.
You were a tree.
You visited 1 branch of the dungeon, and saw 4 of its levels.

You collected 271 gold pieces.
You spent 49 gold pieces at shops.

Inventory:

Hand Weapons
 i - a +4 dagger
 k - a +1 hunting sling of freezing
 w - a +0 morningstar
Missiles
 a - 120 arrows
 f - 48 tomahawks (quivered)
 j - 731 stones
 u - 100 poisoned needles
 y - 337 sling bullets
Armour
 b - a +0 robe (melded)
 g - a +2 pair of gloves of strength (melded)
 h - a +0 pair of boots (melded)
 n - a +0 shield
 o - a +0 cloak (melded)
Wands
 m - a wand of flame (16)
 D - a wand of acid (8)
Scrolls
 c - a scroll of noise
 l - 3 scrolls of remove curse
 v - a scroll of immolation {unknown}
 B - a scroll of magic mapping {unknown}
 C - a scroll of teleportation {unknown}
Potions
 s - a potion of magic {unknown}
 t - a potion of degeneration {unknown}
 x - 3 potions of curing
 z - a potion of might {unknown}
 E - a potion of cancellation {unknown}
Comestibles
 e - 4 rations {!d}


   Skills:
 + Level 3.3 Fighting
 - Level 1.5 Dodging
 - Level 3.0 Stealth
 + Level 3.6 Unarmed Combat
 - Level 2.0 Spellcasting
 * Level 3.4 Transmutations
 * Level 3.2 Poison Magic


You had 4 spell levels left.
You knew the following spells:

 Your Spells              Type           Power        Failure   Level  Hunger
b - Sticks to Snakes      Tmut           ##......     8%          2    ###....
c - Spider Form           Tmut/Pois      ##.          16%         3    ###....

Your spell library contained the following spells:

 Spells                   Type           Power        Failure   Level  Hunger
 Beastly Appendage        Tmut           ##....       4%          1    #......
 Ice Form                 Ice/Tmut       #.......     71%         4    #####..
 Blade Hands              Tmut           ##........   80%         5    ######.


Dungeon Overview and Level Annotations

Branches:
Dungeon (4/12)
 Temple: D:4-7

Altars:
Ashenzari
Cheibriados
Kikubaaqudgha
Qazlal
Trog
Vehumet
Xom
Zin

Shops:
D:4 [


Innate Abilities, Weirdness & Mutations

You are resistant to torment.
((Your stone body is resilient. (AC +4)))
You are immune to poison.
You resist negative energy. (rN+)
((You are resistant to electric shocks. (rElec)))
((You can survive without breathing.))
You are immune to petrification.
You are immune to rotting.
You are resistant to hostile enchantments. (MR+)


Message History

Your +0 robe melds into your body.
You feel weaker.
Your roots penetrate the ground.
The quasit bites you but does no damage.
The quasit barely misses you.
The quasit claws you but does no damage.
The quasit bites you but does no damage.
The quasit claws you but does no damage. x2
The iron imp hits you but does no damage.
The iron imp barely misses you.
It was a potion of flight.
Your roots keep you in place.
The quasit bites you but does no damage.
The quasit claws you but does no damage. x2
The quasit bites you but does no damage.
The quasit claws you but does no damage. x2
Wield which item (- for none, * to show all)? (? for menu, Esc to quit)
You are now empty-handed.
The quasit bites you but does no damage.
The quasit claws you but does no damage. x2
The quasit completely misses you.
The quasit claws you but does no damage.
The quasit claws you.
* * * LOW HITPOINT WARNING * * *
You feel clumsy.
The iron imp hits you but does no damage.
The iron imp hits you.
* * * LOW HITPOINT WARNING * * *
You barely miss the quasit.
The quasit bites you but does no damage.
The quasit claws you but does no damage. x2
The quasit bites you but does no damage.
The quasit claws you but does no damage. x2
You smack the quasit!
The quasit is heavily wounded.
The quasit bites you but does no damage.
The quasit claws you but does no damage. x2
The iron imp completely misses you.
The quasit bites you but does no damage.
The quasit claws you but does no damage. x2
The iron imp hits you but does no damage.
You closely miss the quasit.
The quasit is heavily wounded.
The quasit bites you but does no damage.
The quasit barely misses you.
The quasit claws you but does no damage.
The quasit bites you but does no damage.
The quasit claws you but does no damage. x2
The iron imp completely misses you.
The iron imp hits you but does no damage.
You hit the quasit.
The quasit is heavily wounded.
The quasit bites you but does no damage.
The quasit claws you but does no damage. x2
The quasit bites you but does no damage.
The quasit claws you but does no damage. x2
The quasit bites you but does no damage.
The quasit completely misses you.
The quasit claws you but does no damage.
The iron imp completely misses you.
The iron imp hits you but does no damage.
You barely miss the rust devil. The quasit bites you.
* * * LOW HITPOINT WARNING * * *
The quasit claws you but does no damage. x2
You barely miss the rust devil.
The quasit bites you but does no damage.
The quasit claws you but does no damage. x2
The iron imp hits you but does no damage. x2
The rust devil hits you. The rust devil corrodes you!
You smack the rust devil!
The rust devil is moderately wounded.
The quasit bites you but does no damage.
The quasit claws you but does no damage. x2
The iron imp barely misses you.
The iron imp hits you but does no damage.
You hit the rust devil.
The rust devil is heavily wounded.
The quasit bites you but does no damage.
The quasit claws you but does no damage. x2
The rust devil hits you. The rust devil corrodes you!
The iron imp hits you but does no damage.
The quasit barely misses you.
The quasit claws you but does no damage. x2
The iron imp hits you but does no damage.
You barely miss the rust devil.
The rust devil is heavily wounded.
The rust devil hits you.
* * * LOW HITPOINT WARNING * * *
The rust devil corrodes you!
The quasit bites you but does no damage.
The quasit barely misses you.
The quasit claws you but does no damage.
You hit the rust devil but do no damage.
The rust devil is moderately wounded.
The rust devil hits you.
* * * LOW HITPOINT WARNING * * *
The rust devil corrodes you! The iron imp hits you.
* * * LOW HITPOINT WARNING * * *
The quasit bites you but does no damage.
The quasit claws you.
You die...

######.###...##
#.........
######.### #
#...# #.
###...# #.##
#.....< .55
#......
.#####5####
#......
#......55♣45#
###...#
#[.#####5##5#
##...# #..#
#5##.# ##.###.
#..# #.##.#
##.## ## #..#
#.##.# #.## #
#..# #.##.# #.#
#..# #.##.#
#.## # ##<.#
###.##.# #..##
## #...#
#......#
#.#.###.


You could see a rust devil, 3 iron imps, 4 quasits, a white imp and an ufetubus.

Vanquished Creatures
  A sky beast (D:4)
  A howler monkey (D:3)
  A crimson imp (D:3)
  A hound (D:4)
  2 worker ants (D:4)
  3 adders
  3 oozes
  An adder skeleton (D:4)
  6 worms
  6 dart slugs
  4 leopard geckos
  6 orcs (D:3)
  6 giant cockroaches
  11 goblins
  14 hobgoblins
  5 jackals
  A quokka (D:4)
  2 ball pythons
  6 bats
  5 frilled lizards
  9 kobolds
  12 rats
106 creatures vanquished.

Notes
Turn   | Place    | Note
-------+----------+-------------------------------------------
     0 | D:1      | MisterOstroum the Gargoyle Transmuter began the quest for
                  | the Orb.
     0 | D:1      | Reached XP level 1. HP: 12/12 MP: 3/3
     0 | D:1      | Upgraded the game from bcrawl-1.19.2-6-g6a88ae04c9 to
                  | bcrawl-1.20
    85 | D:1      | Reached skill level 1 in Stealth
   399 | D:1      | Reached XP level 2. HP: 16/16 MP: 3/5
   405 | D:1      | Learned a level 2 spell: Sticks to Snakes
   854 | D:1      | Reached XP level 3. HP: 16/21 MP: 6/6
   916 | D:1      | Learned a level 3 spell: Spider Form
  1783 | D:2      | Reached XP level 4. HP: 25/26 MP: 5/7
  2073 | D:2      | Reached skill level 1 in Poison Magic
  2688 | D:3      | Found a shimmering altar of Xom.
  2875 | D:3      | Became a worshipper of The Xom-Meister,
                  | Xom-a-lom-a-ding-dong
  2898 | D:3      | Reached XP level 5. HP: 28/31 MP: 6/8
  2918 | D:3      | XOM: silly message
  3047 | D:3      | Found a glowing silver altar of Zin.
  3099 | D:3      | XOM: potion effect (agility)
  3328 | D:3      | XOM: potion effect (brilliance)
  3358 | D:3      | Noticed a moth of wrath
  3361 | D:3      | Found a bloodstained altar of Trog.
  3489 | D:3      | XOM: give mutation
  3489 | D:3      | Gained mutation: You are resistant to hostile enchantments.
                  | (MR+) [Xom's mischief]
  3617 | D:3      | Reached XP level 6. HP: 21/36 MP: 6/9
  3785 | D:3      | XOM: summons 3 hostile demons
  3973 | D:3      | XOM: draining
  4144 | D:4      | Found a radiant altar of Vehumet.
  4207 | D:4      | Found a snail-covered altar of Cheibriados.
  4212 | D:4      | Fell from the grace of Xom
  4212 | D:4      | Became a worshipper of Cheibriados the Contemplative
  4303 | D:4      | Noticed a sky beast
  4321 | D:4      | Killed a sky beast
  4414 | D:4      | Found Esaer's Armour Boutique.
  4421 | D:4      | Bought a +0 shield for 49 gold pieces
  4613 | D:4      | XOM: medium Conj miscast
  4904 | D:4      | Found a stormy altar of Qazlal.
  4926 | D:4      | Found a shattered altar of Ashenzari.
  4928 | D:4      | Found an ancient bone altar of Kikubaaqudgha.
  4984 | D:4      | XOM: summons 10 hostile demons
  4985 | D:4      | Noticed a rust devil
  5002 | D:4      | HP: 2/55 [rust devil[Xom] (3)]
  5002 | D:4      | Slain by a quasit

Skill      XL: |  1  2  3  4  5  6 |
---------------+-------------------+-----
Stealth        | 1 2 3 |  3.0
Transmutations | 2 3 |  3.4
Fighting       | 2 3 |  3.3
Poison Magic   | 1 2 3 |  3.2
Dodging        | |  1.5
Unarmed Combat | |  3.6
Spellcasting   | |  2.0

Action                   |  1- 3 |  4- 6 || total
-------------------------+-------+-------++-------
Melee: Unarmed           |    42 |   112 ||   154
       Headbutt          |     4 |       ||     4
       Dagger            |    51 |   123 ||   174
       Kick              |     1 |       ||     1
       Punch             |       |     1 ||     1
 Fire: Hunting sling     |       |     4 ||     4
Throw: Tomahawk          |    12 |     2 ||    14
 Cast: Beastly Appendage |    11 |     4 ||    15
       Spider Form       |       |    12 ||    12
 Abil: End Transformatio |       |     1 ||     1
  Use: Scroll            |       |     5 ||     5
       Potion            |       |     3 ||     3
 Stab: Sleeping          |     5 |    12 ||    17
  Eat: Chunk             |     3 |    12 ||    15
Armor: Robe              |    12 |    81 ||    93
       Skin              |       |    71 ||    71
Dodge: Dodged            |    47 |   180 ||   227
